 Dungeon Crawl Stone Soup version 0.31-a0-521-gc7390f8997 (webtiles) character file.

Game seed: 11974816062338761350

2625 Koushar the Nimble (level 9, 0/39 HPs)
             Began as a Felid Shapeshifter on Aug 10, 2023.
             Was an Initiate of Gozag.
             Slain by a vampire (11 damage)
             ... on level 9 of the Dungeon.
             The game lasted 00:20:12 (9163 turns).

Koushar the Nimble (Felid Shapeshifter)             Turns: 9163, Time: 00:20:13

Health: 0/39       AC:  6    Str: 17    XL:     9   Next: 34%
Magic:  10/10      EV: 25    Int: 14    God:    Gozag
Gold:   695        SH:  0    Dex: 17    Spells: 8/8 levels left
                                        Lives:  0   Deaths: 3

rFire   . .          .
                       - Unarmed
rCold   . . .        (shield unavailable)
rNeg    . . .        (body armour unavailable)
rPois   .            (helmet unavailable)
rElec   .            (cloak unavailable)
rCorr   .            (gloves unavailable)
SInv    +            (boots unavailable)
Will    +....        (no amulet)
Stlth   ++           g - +4 ring of protection
HPRegen 0.26/turn    j - +6 ring of strength
MPRegen 0.12/turn

%: no passive effects
@: confused, beast-form, quick
A: beast (slay +4), very small, claws 1, fangs 3, see invisible, speed 1, shaggy
fur 2, stealthy paws, no weapons or thrown items, no armour, multi-lived
a: Begin Untransformation, Renounce Religion, Potion Petition, Call Merchant,
Bribe Branch


You were on level 9 of the Dungeon.
You worshipped Gozag.
Gozag was pleased with you.
You were a hulking beast.
You visited 2 branches of the dungeon, and saw 10 of its levels.

You collected 975 gold pieces.
You spent 160 gold pieces at shops.
You paid 120 gold pieces to Gozag.

Inventory:

Jewellery
 g - a +4 ring of protection (left paw)
 j - a +6 ring of strength (right paw)
 s - a ring of fire
 w - a ring of positive energy
Talismans
 b - a beast talisman (active)
 c - a flux talisman
 A - a maw talisman
Wands
 q - a wand of polymorph (11)
 C - a wand of paralysis (7)
Scrolls
 d - a scroll of torment {unknown}
 f - 2 scrolls of vulnerability {unknown}
 i - 5 scrolls of teleportation
 l - a scroll of noise {unknown}
 m - 2 scrolls of revelation {unknown}
 o - 2 scrolls of poison {unknown}
 r - a scroll of blinking {unknown}
 v - a scroll of butterflies {unknown}
 x - a scroll of fog {unknown}
 y - 3 scrolls of amnesia {unknown}
Potions
 a - 3 potions of lignification
 e - a potion of attraction
 h - 3 potions of might
 k - 4 potions of brilliance
 u - a potion of curing
 z - a potion of haste {unknown}


   Skills:
 + Level 4.4 Fighting
 + Level 11.2 Dodging
 - Level 7.0 Stealth
 + Level 8.9 Unarmed Combat
 + Level 8.4 Shapeshifting


You had 8 spell levels left.
You didn't know any spells.
Your spell library contained the following spells:

 Spells                   Type           Power      Damage    Failure   Level
 Slow                     Hex            0%         N/A       28%         1
 Confusing Touch          Hex            0%         N/A       65%         3
 Vampiric Draining        Necr           0%         2d6       65%         3
 Volatile Blastmotes      Fire/Tloc      0%         2d10      65%         3
 Fulminant Prism          Conj/Hex       0%         3d5       96%         4
 Iskenderun's Mystic Bla  Conj/Tloc      0%         2d3       96%         4


Dungeon Overview and Level Annotations

Branches:
Dungeon (9/15)             Temple (1/1) D:6            Lair (0/5) D:8
    Orc: D:9-12

Altars:
Ashenzari
Cheibriados
Dithmenos
Elyvilon
Fedhas
Gozag
Hepliaklqana
Kikubaaqudgha
Makhleb
Nemelex Xobeh
Okawaru
Qazlal
Ru
Sif Muna
Trog
Uskayaw
Vehumet
Wu Jian
Xom
Yredelemnul
Zin
The Shining One

Shops:
D:2 [   D:3 !((

Annotations:
D:6 1 runed translucent door, Jeremiah; floatRand's ghost, amateur DrSh
Temple 2 transporters


Innate Abilities, Weirdness & Mutations

You are a hulking beast.
Your limbs bulge with bestial killing power. (Slay +4)
You have sharp claws.
You have razor-sharp teeth.
You have supernaturally acute eyesight. (SInv)
You cover ground quickly. (Speed+)
You are covered in thick fur. (AC +2)
Your paws help you pounce on unaware monsters.
You are incapable of wielding weapons or throwing items.
You cannot wear armour.
You gain extra lives every three experience levels.


Message History

HP restored.
You now have 687 gold pieces (gained 5).
You see here 8 gold pieces.
A vampire is nearby!
A vampire is nearby!
You now have 695 gold pieces (gained 8).
You claw the vampire! You bite the vampire, but do no damage.
The vampire is moderately damaged.
The vampire hits you! The vampire completely misses you.
You scratch the vampire. You bite the vampire, but do no damage.
The vampire is heavily damaged.
The vampire misses you. The vampire barely misses you.
You barely miss the vampire.
The vampire is heavily damaged.
The vampire completely misses you. x2
You completely miss the vampire. Your bite misses the vampire.
The vampire is heavily damaged.
You closely miss the vampire. You bite the vampire, but do no damage.
The vampire is heavily damaged.
The vampire casts a spell at you.
You are confused.
You are too confused!
You are too confused!
The vampire completely misses you. The vampire bites you.
The vampire draws strength from your injuries!
You bump into the rock wall.
The vampire points at you and mumbles some strange words.
You resist with almost no effort.
You closely miss the vampire. You bite the vampire, but do no damage.
The vampire is moderately damaged.
The vampire closely misses you. The vampire bites you!
The vampire draws strength from your injuries!
The vampire completely misses you. The vampire bites you.
The vampire draws strength from your injuries!
The vampire barely misses you. The vampire bites you!
* * * LOW HITPOINT WARNING * * *
The vampire draws strength from your injuries!
You bump into the rock wall.
The vampire hits you!
You die...
Your body crumbles into a pile of gold.

...# #..# #.. #..# #..#
#. #..# #..# #. #..# #..#
#. #..# #..# #. # #..#
#..#####.
##..####..#######........
.........................
.......Vh....####...#####
..####..####.# #...# #..#
#.# #...# #..####.#
#...#####
........####........
.....................
...............#####..
##........####..# #..
.... #..# #<.


You could see a vampire.

Vanquished Creatures
  Erica (D:8)
  Pikel (D:7)
  2 kobold demonologists (D:8)
  A hornet (D:7)
  3 yaks (D:8)
  A wyvern (D:9)
  A steam dragon (D:8)
  3 water moccasins
  2 orc warriors
  An ice beast (D:5)
  2 ogres (D:4)
  4 centaurs
  A phantom (D:5)
  7 kobold brigands
  2 bullfrogs (D:8)
  A gnoll sergeant (D:8)
  3 scorpions
  4 killer bees (D:7)
  2 howler monkeys
  4 hounds
  An iron imp (D:7)
  3 jellies
  3 orc priests
  5 sleepcaps
  Crazy Yiuf (D:3)
  Natasha (thrice) (D:3)
  4 iguanas
  8 orc wizards
  4 gnolls
  7 adders
  2 white imps
  5 ufetubi
  2 worms
  4 dart slugs
  18 orcs
  7 ball pythons
  5 endoplasms
  2 giant cockroaches
  9 hobgoblins
  6 jackals
  12 kobolds
  5 quokkas
  9 bats
  4 frilled lizards
  7 goblins
  7 rats
189 creatures vanquished.

Notes
Turn   | Place    | Note
-------+----------+-------------------------------------------
     0 | D:1      | Koushar the Felid Shapeshifter began the quest for the Orb.
     0 | D:1      | Reached XP level 1. HP: 9/9 MP: 2/2
   266 | D:1      | Found a faded altar of an unknown god.
   390 | D:1      | Reached skill level 3 in Dodging
   440 | D:1      | Reached skill level 1 in Stealth
   440 | D:1      | Reached XP level 2. HP: 4/12 MP: 3/3
   918 | D:2      | Found Laan's Armour Shop.
  1277 | D:2      | Reached XP level 3. HP: 11/15 MP: 4/4
  1769 | D:3      | Found Erisy's Weapon Boutique.
  1993 | D:3      | Reached XP level 4. HP: 19/19 MP: 5/5
  2089 | D:3      | Noticed a centaur
  2110 | D:3      | Killed a centaur
  2111 | D:3      | Reached skill level 4 in Dodging
  2111 | D:3      | Reached XP level 5. HP: 16/22 MP: 6/6
  2161 | D:3      | Found a runed translucent door.
  2162 | D:3      | Noticed Crazy Yiuf
  2336 | D:3      | Found Epnocvaj's Weapon Shop.
  2339 | D:3      | Noticed Natasha
  2347 | D:3      | Killed Natasha
  2410 | D:3      | Found Besheq's Distillery.
  2418 | D:3      | Bought 2 potions of heal wounds for 100 gold pieces
  2418 | D:3      | Bought a potion of heal wounds for 50 gold pieces
  2617 | D:3      | Noticed Natasha
  2640 | D:3      | Killed Natasha
  2704 | D:3      | Noticed Natasha
  2715 | D:3      | Killed Natasha
  2759 | D:3      | Killed Crazy Yiuf
  2760 | D:3      | Gained mutation: You are covered in thick fur. (AC +2)
                  | [Felid growth]
  2760 | D:3      | Reached XP level 6. HP: 19/25 MP: 7/7
  2901 | D:4      | Reached skill level 5 in Dodging
  3014 | D:4      | Mangled by an ogre
  3015 | D:4      | Reached XP level 5. HP: -8/22 MP: 6/6
  3222 | D:4      | Noticed a water moccasin
  3229 | D:4      | Killed a water moccasin
  3230 | D:4      | Reached skill level 5 in Stealth
  3230 | D:4      | Reached XP level 6. HP: 18/25 MP: 7/7
  3379 | D:4      | Reached skill level 5 in Unarmed Combat
  3536 | D:4      | Reached skill level 6 in Dodging
  3536 | D:4      | Reached skill level 5 in Shapeshifting
  3536 | D:4      | Reached XP level 7. HP: 28/28 MP: 8/8
  3823 | D:5      | Entered Level 5 of the Dungeon
  4421 | D:5      | Reached XP level 8. HP: 29/32 MP: 9/9
  4437 | D:5      | Reached skill level 7 in Dodging
  4827 | D:6      | Found a runed translucent door.
  4832 | D:6      | Found a shimmering altar of Xom.
  4832 | D:6      | Noticed floatRand's ghost (amateur DrSh)
  4832 | D:6      | Noticed a +2 hand axe of chaos
  5144 | D:6      | Found a staircase to the Ecumenical Temple.
  5184 | D:6      | Found a stormy altar of Qazlal.
  5211 | Temple   | Found a transporter.
  5211 | Temple   | Found a transporter.
  5211 | Temple   | Found a transporter.
  5211 | Temple   | Found a transporter.
  5211 | Temple   | Entered the Ecumenical Temple
  5229 | Temple   | Became a worshipper of Gozag Ym Sagoz the Greedy
  5377 | D:3      | Bought a potion of degeneration for 10 gold pieces
  5480 | D:6      | Noticed Jeremiah
  5482 | D:6      | HP: 1/31 [Jeremiah/+3 glaive of draining (12)]
  5482 | D:6      | Slain by Jeremiah
  5483 | D:6      | Reached XP level 7. HP: -2/25 MP: 8/8
  5870 | D:6      | Identified the +1 war axe of Red Integrity {drain, rF- rC++
                  | rN+}
  6027 | D:7      | Reached skill level 8 in Dodging
  6039 | D:7      | Reached XP level 8. HP: 32/32 MP: 9/9
  6189 | D:7      | Found a shimmering blue altar of Sif Muna.
  6254 | D:7      | Noticed a hornet
  6261 | D:7      | Killed a hornet
  6325 | D:7      | Reached skill level 9 in Dodging
  6604 | D:7      | Found a glowing golden altar of the Shining One.
  6612 | D:7      | Noticed Pikel
  6626 | D:7      | Killed Pikel
  6627 | D:7      | Reached XP level 9. HP: 3/35 MP: 10/10
  6779 | D:7      | Found a snail-covered altar of Cheibriados.
  7403 | D:8      | Reached skill level 10 in Dodging
  7416 | D:8      | Found a staircase to the Lair.
  7546 | D:8      | Noticed Erica
  7572 | D:8      | Killed Erica
  8598 | D:9      | Noticed a kobold demonologist
  8598 | D:9      | Noticed a kobold demonologist
  8606 | D:8      | Noticed a soul eater
  8648 | D:8      | Noticed a sun demon
  8684 | D:8      | Killed a kobold demonologist
  8685 | D:8      | Reached XP level 10. HP: 39/42 MP: 11/11
  8708 | D:9      | Found a glowing silver altar of Zin.
  8761 | D:9      | Noticed a sixfirhy
  8762 | D:9      | HP: 2/42 [sixfirhy[a kobold demonologist] (12)]
  8772 | D:8      | Reached skill level 11 in Dodging
  9042 | D:9      | Slain by a wyvern
  9043 | D:9      | Reached XP level 9. HP: -1/39 MP: 10/10
  9163 | D:9      | Slain by a vampire

Illustrated notes

Levels and vault maps discovered:
D:1:      wander_arrival_peaceful_grave, layout_loops_corners,
          dilly_ecumenical_altar_fadedgnrine, grunt_decor_junction
D:2:      layout_basic, serial_shops, shop
D:3:      minmay_inner_zag, layout_rooms, serial_shops,
          nicolae_shop_industrial_runoff, shop, nicolae_square_shop,
          minmay_statues_item, uniq_natasha, uniq_crazy_yiuf_cottage
D:4:      layout_loops_cross, hangedman_decor_clover_reticule, minmay_bisected
D:5:      layout_gridville, nicolae_houndstooth_variations
D:6:      layout_basic, mainiacjoe_overflow_surrounded_room, temple_green,
          ebering_ghost_xom, kennysheep_generic_room_6, uniq_jeremiah
D:7:      layout_rooms, slow_altar_2, nicolae_overflow_crystal_walls,
          kennysheep_orc_sif_temple, serial_bayou_lagoon_a, uniq_pikel
D:8:      layout_layer_cave, grunt_lair_entry_orc_guard_hut, nicolae_sextant,
          uniq_erica
D:9:      layout_small_grid, mainiacjoe_overflow_catwalk
Temple:   hellmonk_temple_divided_pantheon

Skill      XL: |  1  2  3  4  5  6  7  8  9 10 |
---------------+-------------------------------+-----
Dodging        | 3 4 6 8 9 10 11 | 11.2
Stealth        | 1 2 3 5 6 7 |  7.0
Shapeshifting  | 4 5 6 7 8 |  8.4
Unarmed Combat | 4 5 7 8 |  8.9
Fighting       | 3 4 |  4.4

Action                     |  1- 3 |  4- 6 |  7- 9 | 10-12 || total
---------------------------+-------+-------+-------+-------++-------
  Melee: Unarmed           |    93 |   135 |   297 |    46 ||   571
         Bite              |     9 |    14 |    35 |     5 ||    63
         Punch             |     2 |     3 |     8 |     2 ||    15
    Use: Scroll            |     1 |       |     6 |       ||     7
         Potion            |       |     3 |     3 |     1 ||     7
   Stab: Sleeping          |     6 |     3 |    15 |     1 ||    25
         Distracted        |       |       |     3 |       ||     3
         Invisible         |       |       |     2 |       ||     2
 Armour: Skin              |    10 |    25 |    28 |     5 ||    68
  Dodge: Dodged            |    68 |    87 |   230 |    52 ||   437

Table legend: (Time is in decaauts)
 A = Elapsed time spent in this place.
 B = Non-inter-level travel time spent in this place.
 C = Inter-level travel time spent in this place.
 D = Time resting spent in this place.
 E = Time spent auto-exploring this place.
 F = Levels seen in this place.
 G = Mean time per level.
                   A        B        C        D        E       F      G
               +--------+--------+--------+--------+--------+-----+--------+
         Total |   7789 |   7338 |    451 |    735 |   5200 |  10 |  778.9 |
       Dungeon |   7759 |   7313 |    446 |    735 |   5200 |   9 |  862.1 |
        Temple |     30 |     25 |      5 |      0 |      0 |   1 |   30.0 |
               +--------+--------+--------+--------+--------+-----+--------+

Top non-repeatable levels by time:
     D:8: 1520 daAuts
     D:3: 1093 daAuts
     D:7: 1009 daAuts
     D:6: 835 daAuts
     D:5: 825 daAuts
     D:4: 783 daAuts
     D:1: 731 daAuts
     D:2: 719 daAuts
     D:9: 241 daAuts
  Temple: 30 daAuts
